Map: Disco Bloodbath LE

Players

Creature

  • Race: Protoss Protoss
  • Spawn Location: 9:00

Dolan - Winner!

  • Race: Terran Terran
  • Spawn Location: 3:00

VOD

Have the link to the VOD?

Description

Time

  • Played on: Sept. 6, 2019, 4:13 p.m.
  • Length: 10:48
Show
View Real Time Build Order
Export as new Build Order

Creature Protoss 

Build Orders: 1 Gate Expand, Oracle Opening 

Get SALT Encoding   

  12  0:01  Probe  
  13  0:13  Probe  
  14  0:18  Pylon  
  14  0:24  Probe  
  15  0:33  Probe  
  15  0:36  Gateway  
  15  0:41  Probe  
  16  0:46  Assimilator  
  17  0:51  Probe  
  18  1:03  Probe  
  19  1:15  Probe  
  20  1:25  Nexus  
  20  1:34  Cybernetics Core  
  20  1:36  Probe  
  21  1:41  Assimilator  
  21  1:48  Probe  
  21  1:53  Pylon  
  22  2:00  Probe  
  23  2:02  Adept  
  23  2:13  Probe  
  26  2:17  Stargate  
  26  2:27  Probe  
  26  2:28  Warp Gate  
  27  2:31  Adept  
  27  2:36  Probe  
  29  2:39  Probe  
  31  2:44  Probe  
  31  2:48  Probe  
  32  2:52  Oracle  
  32  2:53  Probe  
  32  2:56  Probe  
  34  3:05  Probe  
  39  3:06  Probe  
  40  3:15  Pylon  
  40  3:17  Probe  
  40  3:18  Probe, Adept  
  44  3:26  Oracle  
  44  3:29  Probe  
  44  3:30  Probe  
  49  3:41  Probe  
  49  3:42  Probe  
  49  3:46  Gateway  
  49  3:47  Gateway  
  51  3:53  Probe  
  51  3:54  Probe  
  46  4:10  Phoenix  
  46  4:11  Probe x2  
  48  4:23  Probe x2  
  52  4:27  Nexus  
  52  4:30  Pylon  
  52  4:35  Probe x2  
  54  4:40  Phoenix  
  54  4:43  Assimilator x2  
  54  4:44  Pylon  
  54  4:48  Probe x2  
  54  4:52  Shield Battery  
  58  4:56  Twilight Council  
  58  5:00  Probe  
  58  5:02  Forge, Probe  
  60  5:12  Probe  
  55  5:15  Probe  
  55  5:17  Sentry, Stalker x2  
  62  5:23  Protoss Ground Weapons Level 1  
  62  5:25  Probe  
  62  5:26  Blink  
  62  5:27  Gateway  
  63  5:30  Gateway  
  63  5:32  Gateway  
  63  5:38  Probe  
  63  5:40  Probe  
  65  5:46  Probe  
  66  5:51  Probe  
  66  5:56  Probe  
  68  5:57  Sentry, Stalker  
  68  5:58  Stalker  
  74  6:07  Probe  
  74  6:08  Probe  
  74  6:10  Gateway  
  76  6:12  Probe  
  76  6:13  Gateway  
  76  6:15  Shield Battery  
  77  6:22  Sentry, Stalker x2  
  77  6:24  Sentry  
  85  6:27  Pylon  
  85  6:30  Pylon  
  85  6:34  Pylon  
  85  6:45  Probe x3  
  85  6:46  Stalker x2  
  92  6:50  Stalker x3  
  92  6:53  Stalker  
  100  6:57  Probe  
  101  7:15  Stalker  
  101  7:16  Stalker x3  
  101  7:19  Robotics Facility  
  101  7:25  Zealot x4  
  99  7:32  Protoss Ground Armor Level 1  
  97  7:40  Probe  
  97  7:42  Probe x2  
  98  7:44  Charge  
  98  7:53  Probe  
  98  7:54  Photon Cannon, Stalker x2  
  98  7:55  Stalker  
  98  7:56  Zealot x2, Nexus  
  109  8:00  Assimilator  
  109  8:02  Pylon, Assimilator  
  109  8:16  Observer  
  109  8:20  Probe x2  
  109  8:23  Stalker  
  109  8:24  Zealot  
  116  8:27  Pylon  
  116  8:29  Pylon  
  116  8:33  Pylon  
  116  8:35  Immortal  
  116  8:36  Pylon  
  116  8:47  Stalker x2  
  116  8:48  Stalker x4  
  132  8:57  Zealot x2  
  124  9:13  Immortal, Zealot x2, Stalker x3  
  124  9:14  Stalker  
  128  9:21  Stalker  
  128  9:22  Stalker  
  104  9:33  Stalker  
  104  9:34  Zealot  
  95  9:38  Zealot  
  95  9:39  Zealot x3  
  95  9:43  Immortal  
  97  9:47  Zealot  
  86  9:54  Zealot x3  
  86  9:57  Zealot  
  84  10:02  Zealot x2  
  68  10:15  Stalker  
  68  10:16  Stalker x3  
  52  10:31  Sentry x4  
  58  10:41  Stalker x2  
  58  10:42  Stalker  
Show
View Real Time Build Order
Export as new Build Order

Dolan Terran - Winner!

Build Orders: Gas First Reaper Expand 

Get SALT Encoding   

  12  0:00  SCV  
  13  0:12  SCV  
  14  0:17  Supply Depot  
  14  0:24  SCV  
  14  0:27  Refinery  
  15  0:38  SCV  
  16  0:43  Barracks  
  16  0:50  SCV  
  17  1:02  SCV  
  18  1:15  SCV  
  19  1:31  Orbital Command, Reaper  
  20  1:45  Command Center  
  20  1:57  SCV  
  20  1:58  Factory  
  21  2:05  Barracks Reactor  
  21  2:09  SCV  
  22  2:16  Supply Depot  
  22  2:23  SCV  
  23  2:37  SCV  
  23  2:43  Barracks  
  24  2:48  Barracks Tech Lab  
  24  2:49  SCV, Hellion x2  
  29  2:58  Orbital Command  
  29  3:01  SCV  
  30  3:06  Marine  
  30  3:10  Hellion x2  
  35  3:15  Stimpack  
  35  3:17  SCV  
  36  3:24  SCV  
  36  3:25  Marine  
  38  3:29  SCV  
  38  3:32  Barracks  
  39  3:39  Supply Depot  
  39  3:40  Engineering Bay  
  39  3:42  Factory Reactor  
  39  3:43  Refinery  
  39  3:45  SCV  
  39  3:47  SCV  
  41  3:57  SCV  
  41  3:59  SCV  
  43  4:09  SCV  
  35  4:10  Marine x3  
  35  4:11  SCV  
  35  4:12  Missile Turret  
  35  4:16  Terran Infantry Weapons Level 1  
  39  4:17  Bunker  
  39  4:22  SCV  
  39  4:23  SCV  
  41  4:25  Refinery  
  41  4:26  Missile Turret  
  41  4:27  Marine x2  
  41  4:28  Marine x3  
  46  4:34  SCV  
  46  4:35  SCV  
  46  4:37  Supply Depot  
  48  4:42  Starport  
  48  4:43  Factory Reactor  
  48  4:49  SCV x2  
  50  4:52  Marine  
  50  4:53  Marine x3  
  50  4:57  Combat Shield  
  50  4:59  Marine  
  55  5:07  SCV x2  
  57  5:13  Marine x4  
  59  5:17  Marauder  
  59  5:19  Supply Depot, SCV  
  62  5:26  Supply Depot  
  62  5:27  Medivac x2, SCV  
  62  5:28  Factory Reactor  
  67  5:33  Marine x3  
  70  5:38  Marine  
  70  5:39  Marauder  
  73  5:50  SCV  
  73  5:51  SCV  
  73  5:52  Refinery  
  73  5:54  Barracks x2  
  75  6:00  Marine x2  
  75  6:01  Marauder, Marine x2  
  81  6:06  Widow Mine x2  
  87  6:14  Supply Depot, Terran Infantry Armor Level 1  
  87  6:15  Supply Depot  
  85  6:27  Marauder, Marine x4  
  85  6:29  Widow Mine  
  93  6:35  Medivac x2  
  93  6:36  Widow Mine  
  99  6:43  Supply Depot  
  99  6:44  Supply Depot  
  99  6:48  Barracks Tech Lab x2  
  99  6:50  Marauder, Marine x2  
  97  7:16  Marauder x2, Marine x4  
  97  7:17  Marauder  
  97  7:18  Widow Mine x2, Medivac  
  94  7:34  Marine x3  
  84  7:37  Marauder  
  84  7:38  Marauder x2  
  84  7:41  Widow Mine x2, Medivac  
  90  7:48  Medivac  
  90  7:49  Marine  
  93  7:55  Supply Depot  
  93  7:56  Liberator  
  93  7:59  Marauder x2, Marine x2  
  93  8:00  Marine  
  93  8:01  Liberator  
  93  8:02  Widow Mine x2  
  93  8:04  Marauder  
  106  8:07  Marine  
  109  8:23  Marine  
  109  8:24  Marauder x2, Marine  
  109  8:25  Marauder  
  117  8:32  Marine x2  
  119  8:39  Liberator  
  119  8:40  Widow Mine x2  
  123  8:44  Liberator  
  123  8:45  Marauder x2  
  127  8:50  Marauder, Marine  
  128  8:55  Marine x2  
  134  9:07  Marauder  
  134  9:13  Marauder  
  129  9:22  Marine x2  
  129  9:23  Marauder, Marine  
  129  9:29  Marauder  
  129  9:30  Marine  
  124  9:34  Marauder  
  118  9:40  Marine x2  
  118  9:43  Marine  
  118  9:44  Marauder  
  117  9:48  Marine  
  117  9:50  Marauder  
  117  9:52  Widow Mine x2, Medivac  
  125  9:55  Marauder  
  125  9:58  Marine x2  
  121  10:01  Marine  
  121  10:03  Concussive Shells  
  121  10:06  Marauder, Marine  
  125  10:12  Marauder  
  117  10:16  Marine x2  
  117  10:17  Marauder  
  117  10:19  Marine  
  122  10:24  Marine  
Tags
 
Add a new tag
Caveats
  • Supply blocks, unpowered buildings, or Contaminate may cause inaccurate times.
  • Supply counts are checked every 10 seconds.